 Dungeon Crawl Stone Soup version 0.24-a0-218-ga595e75 (webtiles) character file.

Game seed: 15960992428836609285

592 Azzok the Firebug (level 7, 0/41 HPs)
             Began as an Octopode Fire Elementalist on Mar 30, 2019.
             Succumbed to a worker ant's poison
             ... while paralysed
             ... on level 4 of the Dungeon.
             The game lasted 00:05:48 (4090 turns).

Azzok the Firebug (Octopode Fire Elementalist)      Turns: 4090, Time: 00:05:49

Health: 0/41       AC:  1    Str:  7    XL:     7   Next: 39%
Magic:  2/13       EV:  2    Int: 20    God:
Gold:   129        SH:  0    Dex: 12    Spells: 6/14 levels left

rFire    + . .     SeeInvis .   q - +2 whip (venom)
rCold    + . .     Gourm    .   (no shield)
rNeg     . . .     Faith    .   (helmet restricted)
rPois    +         Spirit   .   (no amulet)
rElec    +         Reflect  .   (no ring)
rCorr    +         Harm     .   (no ring)
MR       .....                  (no ring)
Stlth    +++.......             (no ring)
HPRegen  0.13/turn              (no ring)
MPRegen  0.13/turn              (no ring)
                                (no ring)
                                (no ring)

@: paralysed, lethally poisoned (0 -> -3), resistant, berserk cooldown, slowed
A: almost no armour, stealthy swim, amphibious, 8 rings, constrict 8, camouflage
1, gelatinous body 1
a: no special abilities


You were on level 4 of the Dungeon.
You were not hungry.

You visited 1 branch of the dungeon, and saw 4 of its levels.

You collected 129 gold pieces.

Inventory:

Hand Weapons
 q - a +2 whip of venom (weapon)
Jewellery
 m - an uncursed amulet of rage {unknown}
Scrolls
 a - 2 scrolls of fear {unknown}
 d - 3 scrolls of teleportation {unknown}
 e - a scroll of amnesia {unknown}
 g - 2 scrolls of magic mapping {unknown}
 k - 5 scrolls of identify {unknown}
 o - a scroll of fog {unknown}
Potions
 c - a potion of degeneration {unknown}
 f - 2 potions of resistance
 h - a potion of berserk rage
 i - a potion of agility {unknown}
 j - a potion of heal wounds {unknown}
 l - a potion of haste {unknown}
 p - a potion of mutation {unknown}
Comestibles
 b - 6 rations
 n - a chunk of flesh


   Skills:
 - Level 2.0 Dodging
 - Level 2.6 Stealth
 + Level 4.4 Spellcasting
 + Level 4.4 Conjurations
 + Level 5.3 Fire Magic


You had 6 spell levels left.
You knew the following spells:

 Your Spells              Type           Power        Failure   Level  Hunger
a - Flame Tongue          Conj/Fire      ###..        1%          1    None
b - Conjure Flame         Conj/Fire      ###.....     4%          3    ###....
c - Sticky Flame          Conj/Fire      ###.....     17%         4    ####...

Your spell library contained the following spells:

 Spells                   Type           Power        Failure   Level  Hunger
 Throw Flame              Conj/Fire      ###...       2%          2    #......
 Inner Flame              Hex/Fire       ###.....     12%         3    ###....
 Fireball                 Conj/Fire      ###.......   43%         5    ######.


Dungeon Overview and Level Annotations

Branches:
Dungeon (4/15)
 Temple: D:4-7

Altars:
Makhleb


Innate Abilities, Weirdness & Mutations

You cannot wear most types of armour.
You are very stealthy in the water. (Stealth+)
You are amphibious.
You can wear up to eight rings at the same time.
You can use your tentacles to constrict eight enemies at once.
Your skin changes colour to match your surroundings (Stealth+).
Your rubbery body absorbs attacks. (AC +1, EV +1)


Message History

You feel sick.
There is a lethal amount of poison in your body!
* * * LOW HITPOINT WARNING * * *
You feel sick.
It was a potion of berserk rage.
A red film seems to cover your vision as you go berserk!
You feel yourself moving faster!
You feel mighty!
You feel a strong urge to attack something.
* * * LOW HITPOINT WARNING * * *
You feel sick.
You feel your anger nearly subside.
Your magical contamination has completely faded away.
You are no longer berserk.
You pass out from exhaustion.
You feel yourself slow down.
* * * LOW HITPOINT WARNING * * *
You feel sick.
* * * LOW HITPOINT WARNING * * *
You feel sick.
You die...

▒▒▒▒▒▒▒▒▒▒▒▒▒▒
▒·············
▒····<)····▒▒▒▒
▒·········▒▒··· ·▒
▒·········▒··▒
···▒▒▒▒▒▒·▒▒▒····▒▒▒▒ ··
······▒▒▒÷▒·········· ▒▒··▒
▒·······@··▒········ ·····
▒▒▒▒▒▒····▒········· ▒··o▒
▒······÷······· ▒▒····▒▒▒
▒▒··>···········
········▒▒▒▒▒··▒▒▒▒·········
8······†▒))····▒ ▒·········
······)···▒▒▒·▒▒ ▒▒········
···%···†▒▒▒ ▒··· ▒▒·······
······?···▒ ▒▒▒·▒ ▒▒▒▒···


There were no monsters in sight!

Vanquished Creatures
  An ogre (D:4)
  2 big kobolds
  A hound (D:2)
  A centaur skeleton (D:4)
  Jessica (D:3)
  Terence (D:3)
  A worker ant (D:4)
  6 gnolls
  8 adders
  3 oozes
  4 dart slugs
  3 leopard geckos
  3 orcs
  11 bats
  9 giant cockroaches
  6 goblins
  8 hobgoblins
  3 jackals (D:1)
  7 kobolds
  2 quokkas
  3 frilled lizards
  5 rats
89 creatures vanquished.

Notes
Turn   | Place    | Note
-------+----------+-------------------------------------------
     0 | D:1      | Azzok the Octopode Fire Elementalist began the quest for
                  | the Orb.
     0 | D:1      | Reached XP level 1. HP: 11/11 MP: 3/3
   195 | D:1      | Reached XP level 2. HP: 17/17 MP: 3/5
   816 | D:1      | Reached XP level 3. HP: 11/21 MP: 1/6
   829 | D:1      | Learned a level 3 spell: Conjure Flame
  1395 | D:2      | Reached XP level 4. HP: 27/27 MP: 5/8
  1457 | D:2      | Learned a level 4 spell: Sticky Flame
  1771 | D:2      | Found a burning altar of Makhleb.
  2130 | D:3      | Reached skill level 4 in Fire Magic
  2184 | D:3      | Reached XP level 5. HP: 29/31 MP: 5/9
  2260 | D:3      | Noticed Jessica
  2266 | D:3      | Killed Jessica
  2981 | D:3      | Noticed Terence
  2996 | D:3      | Killed Terence
  2996 | D:3      | Reached XP level 6. HP: 36/36 MP: 5/11
  3734 | D:4      | Reached skill level 5 in Fire Magic
  3734 | D:4      | Reached XP level 7. HP: 28/41 MP: 4/13
  4086 | D:4      | HP: 2/41 [poisoned by a worker ant]
  4090 | D:4      | Succumbed to a worker ant's poison

Levels and vault maps discovered:
D:1:      giann_bridges, layout_loops_cross, minmay_pentomino_p2
D:2:      layout_loops_ring, minmay_misc_feat_cross, makhleb_heckhound_becter
D:3:      layout_loops_ring, first_ration, uniq_jessica, uniq_terence
D:4:      layout_rooms, lemuel_doored_altar, serial_shops,
          nicolae_shop_statue_plus

Skill      XL: |  1  2  3  4  5  6 |
---------------+-------------------+-----
Conjurations   | 2 3 4 |  4.4
Spellcasting   | 3 4 |  4.4
Fire Magic     | 4 5 |  5.3
Dodging        | |  2.0
Stealth        | |  2.6

Action                   |  1- 3 |  4- 6 |  7- 9 || total
-------------------------+-------+-------+-------++-------
Melee: Unarmed           |    37 |    11 |       ||    48
       Constrict         |    11 |     7 |     2 ||    20
       Tentacles         |     6 |     3 |     1 ||    10
       Whip              |       |     3 |     6 ||     9
 Cast: Flame Tongue      |    33 |    88 |    31 ||   152
       Sticky Flame      |       |     4 |     1 ||     5
  Use: Potion            |       |       |     2 ||     2
 Stab: Sleeping          |     3 |       |       ||     3
  Eat: Chunk             |     2 |     7 |     2 ||    11
Armor: Skin              |     8 |     8 |     1 ||    17
Dodge: Dodged            |    39 |    39 |    14 ||    92

Table legend:
 A = Non-vault XP
 B = Vault XP
 C = Vault XP percentage of total XP
 D = Non-vault monster count
 E = Vault monster count
 F = Vault count percentage of total count
                 A         B        C        D         E       F
            +---------+---------+-------+---------+---------+-------
      Total |     731 |     116 |  13.7 |      84 |       5 |   5.6
            +---------+---------+-------+---------+---------+-------
        D:1 |      43 |       3 |   6.5 |      23 |       2 |   8.0
        D:2 |      76 |      40 |  34.5 |      15 |       1 |   6.2
        D:3 |     206 |      73 |  26.2 |      30 |       2 |   6.2
        D:4 |     406 |       0 |   0.0 |      16 |       0 |   0.0
            +---------+---------+-------+---------+---------+-------
